 Dungeon Crawl Stone Soup version 0.30-a0-723-gc1506a1cf0 (webtiles) character file.

Game seed: 10327958710885125903

108 Zonian the Sneak (level 4, -5/23 HPs)
             Began as a Vine Stalker Brigand on Jan 28, 2023.
             Killed by divine providence
             ... invoked by an orc priest
              (15 damage)
             ... on level 3 of the Dungeon.
             The game lasted 00:03:40 (2974 turns).

Zonian the Sneak (Vine Stalker Brigand)             Turns: 2974, Time: 00:03:41

Health: -5/23      AC:  4    Str: 14    XL:     4   Next: 87%
Magic:  0/5        EV: 12    Int: 11    God:
Gold:   138        SH:  0    Dex: 17    Spells: 3/3 levels left

rFire   x . .      SeeInvis .    a - +2 dagger
rCold   + . .      Faith    .    (no shield)
rNeg    . . .      Spirit   +    b - +0 robe
rPois   .          Reflect  .    (no helmet)
rElec   .          Harm     .    g - +1 cloak
rCorr   .          Rampage  .    (no gloves)
Will    .....                    (no boots)
Stlth   +++                      (no amulet)
HPRegen 1.03/turn                l - ring of ice
MPRegen 0.09/turn                (no ring)

@: no status effects
A: fangs 2, regeneration 1, magic shield, antimagic bite, no potion heal 2
a: no special abilities


You were on level 3 of the Dungeon.
You visited 1 branch of the dungeon, and saw 3 of its levels.

You collected 138 gold pieces.

Inventory:

Hand Weapons
 a - a +2 dagger (weapon)
 m - a +0 rapier
 r - a +0 sling
 u - a +0 dagger of pain
Missiles
 d - 9 poisoned darts (quivered)
 e - 3 curare-tipped darts
Armour
 b - a +0 robe (worn)
 c - a +0 cloak
 g - a +1 cloak (worn)
Jewellery
 l - a ring of ice (left hand)
 w - a ring of wizardry
Scrolls
 f - 2 scrolls of noise {unknown}
 k - a scroll of fear {unknown}
 n - 2 scrolls of teleportation {unknown}
 o - a scroll of enchant armour {unknown}
 p - a scroll of immolation {unknown}
 s - a scroll of blinking {unknown}
 t - a scroll of fog {unknown}
Potions
 h - a potion of heal wounds {unknown}
 i - a potion of might {unknown}
 j - a potion of curing {unknown}
 q - a potion of haste {unknown}
 v - a potion of lignification {unknown}


   Skills:
 + Level 2.5 Fighting
 + Level 2.4 Short Blades
 + Level 2.5 Throwing
 + Level 1.6 Dodging
 + Level 5.5 Stealth


You had 3 spell levels left.
You didn't know any spells.
Your spell library was empty.

Dungeon Overview and Level Annotations

Branches:
Dungeon (3/15)

Altars:

Shops:
D:2 :


Innate Abilities, Weirdness & Mutations

You have extremely sharp teeth.
Your natural rate of healing is unusually fast.
When hurt, damage is shared between your health and your magic reserves.
Your bite disrupts and absorbs the magic of your enemies.
Potions cannot restore your health.


Message History

The orc wizard is severely wounded.
The orc wizard hits you but does no damage.
The orc priest calls down the wrath of Beogh upon you.
Beogh smites you!
You barely miss the orc wizard.
The orc wizard is severely wounded.
The orc wizard hits you with a +0 dagger.
Unknown command.
You hit the orc wizard. Your bite misses the orc wizard.
The orc wizard is severely wounded.
The orc wizard falters for a moment.
You barely miss the orc wizard. Your bite misses the orc wizard.
The orc wizard is severely wounded.
The orc wizard barely misses you.
You hit the orc wizard but do no damage.
You bite the orc wizard.
The orc wizard's magic leaks into the air.
You drain its magic.
You feel invigorated.
The orc wizard is severely wounded.
The orc wizard falters for a moment.
You hit the orc wizard but do no damage.
The orc wizard is severely wounded.
The orc wizard closely misses you.
You barely miss the orc wizard.
The orc wizard is severely wounded.
You hit the orc wizard but do no damage.
The orc wizard is severely wounded.
The orc wizard hits you with a +0 dagger.
The orc priest looks satisfied for a moment.
You hit the orc wizard but do no damage.
The orc wizard is severely wounded.
The orc wizard hits you with a +0 dagger.
You hit the orc wizard but do no damage.
You bite the orc wizard, but do no damage.
The orc wizard is severely wounded.
The orc wizard falters for a moment.
The orc priest mumbles some strange prayers to Beogh against you.
Beogh smites you!
Ouch! That really hurt!
You die...

#.......# #.####### #.#
#.# #.# #.# #.# #.####
########.# ##....#
#.@ooo...#
#...#.#########.########
#.#..........##.#
....#...........########
############............
####......... #.########
###############.#
................#


You could see an orc priest, an orc wizard (magic disrupted) and an orc.

Vanquished Creatures
  A gnoll (D:1)
  3 adders
  2 dart slugs (D:1)
  3 orcs (D:3)
  5 endoplasms
  3 giant cockroaches
  3 goblins
  4 hobgoblins
  5 quokkas
  9 ball pythons
  3 bats
  A frilled lizard (D:1)
  11 kobolds
  8 rats
61 creatures vanquished.

Notes
Turn   | Place    | Note
-------+----------+-------------------------------------------
     0 | D:1      | Zonian the Vine Stalker Brigand began the quest for the
                  | Orb.
     0 | D:1      | Reached XP level 1. HP: 11/11 MP: 2/2
   231 | D:1      | Reached skill level 1 in Dodging
   231 | D:1      | Reached XP level 2. HP: 15/15 MP: 3/3
   283 | D:1      | Reached skill level 5 in Stealth
   519 | D:1      | Reached XP level 3. HP: 16/18 MP: 4/4
  1501 | D:2      | Found Erap's Book Shop.
  1591 | D:2      | Gained mutation: Your natural rate of healing is unusually
                  | fast. [Vine Stalker growth]
  1591 | D:2      | Reached XP level 4. HP: 13/23 MP: 1/5
  2974 | D:3      | Killed from afar by an orc priest

Illustrated notes

Levels and vault maps discovered:
D:1:      zaba_arrival_water, layout_basic, minmay_quantized
D:2:      layout_basic, serial_shops, nicolae_shop_waterfront
D:3:      layout_loops_ring

Skill      XL: |  1  2 |
---------------+-------+-----
Dodging        | 1 |  1.6
Stealth        | 5 |  5.5
Fighting       | 2 |  2.5
Throwing       | 2 |  2.5
Short Blades   | 2 |  2.4

Action                     |  1- 3 |  4- 6 || total
---------------------------+-------+-------++-------
  Melee: Dagger            |    94 |    62 ||   156
         Bite              |    16 |    14 ||    30
         Punch             |     1 |     1 ||     2
  Throw: Dart              |     1 |       ||     1
   Stab: Sleeping          |    10 |     9 ||    19
 Armour: Robe              |    17 |     9 ||    26
  Dodge: Dodged            |    36 |    41 ||    77

Table legend: (Time is in decaauts)
 A = Elapsed time spent in this place.
 B = Non-inter-level travel time spent in this place.
 C = Inter-level travel time spent in this place.
 D = Time resting spent in this place.
 E = Time spent auto-exploring this place.
 F = Levels seen in this place.
 G = Mean time per level.
                   A        B        C        D        E       F      G
               +--------+--------+--------+--------+--------+-----+--------+
         Total |   2963 |   2939 |     24 |    826 |   1617 |   3 |  987.7 |
       Dungeon |   2963 |   2939 |     24 |    826 |   1617 |   3 |  987.7 |
               +--------+--------+--------+--------+--------+-----+--------+

Top non-repeatable levels by time:
     D:1: 1283 daAuts
     D:2: 1128 daAuts
     D:3: 551 daAuts
